AoeStats
← Ice cream in soda

Black Forest

503890670Analyzed
1v1 RM · 29d ago on Sep 2, 2026· 49m 27s· 2 players
Game mode
Random Map
Map size
Tiny (2 player)
Population
200
Speed
Normal
Resources
Standard
Victory
Conquest
Starting age
Dark Age
Ending age
Imperial Age
RankedLock teamsTeams togetherTeam positionsShared explorationLock speedFull tech treeHidden civsTurbo modeCheats
Victory
Defeat
🇨🇳 Magyars · China
587
+13
🇦🇷 Khmer · Argentina
519
-13
DRO58912
10:17 Feudal Age
16:46 Castle Age
14:32 Loom
26:50 Gold Mining
27:25 Horse Collar
37:05 Redemption
41:07 Imperial Age
39:13 Wheelbarrow
41:48 Gold Shaft Mining
47:34 Double Crossbow
47:33 Double-Bit Axe
Ice cream in soda
2:35 Loom
14:22 Feudal Age
15:40 Wheelbarrow
14:52 Double-Bit Axe
14:50 Horse Collar
15:47 Gold Mining
22:38 Castle Age
23:44 Hand Cart
24:07 Bow Saw
25:09 Stone Mining
26:09 Gold Shaft Mining
26:16 Gold Shaft Mining
25:54 Heavy Plow
26:09 Scale Barding Armor
26:28 Fletching
26:39 Padded Archer Armor
28:28 Fervor
28:39 Sanctity
30:36 Sanctity
30:01 Pikeman
31:03 Caravan
31:31 Chain Barding Armor
31:07 Bodkin Arrow
31:13 Padded Archer Armor
30:40 Light Cavalry
31:30 Bloodlines
31:20 Husbandry
33:20 Treadmill Crane
38:12 Corvinian Army
39:16 Leather Archer Armor
38:24 Elite Skirmisher
39:09 Thumb Ring
40:01 Scale Mail Armor
41:08 Ballistics
47:57 Imperial Age
46:04 Town Watch
46:50 Chain Mail Armor
49:08 Conscription
49:14 Conscription
48:15 Elite Magyar Huszar
Connection lost

Rejoining the realm…

Still unreachable

The connection could not be restored.

Session expired

The server has moved on; the page needs a fresh start.